TOP OF THE 1ST |
Rome Braves batting - Pitching for Brooklyn Cyclones : RHP Robbie Beerbower
|
Pitching: RHP Robbie Beerbower
|
|
Batting: LHB Tsutomu Miyahara
|
0-0: Ball 1-0: Called Strike 1-1: Called Strike 1-2: Ball 2-2: Foul Ball, location: 2F 2-2: DOUBLE (Line Drive, 9LS, EV 105.6 MPH)
|
Batting: RHB Brandon Burrell
|
0-0: Ball 1-0: Ball 2-0: Ball 3-0: Called Strike 3-1: Called Strike 3-2: Base on Balls
|
Batting: RHB Ike Trout
|
0-0: Called Strike 0-1: Ball 1-1: Swinging Strike 1-2: Ball 2-2: Strikes out swinging
|
Batting: RHB Jose Ramos
|
0-0: Swinging Strike 0-1: Ball 1-1: Grounds into double play, 6-4-3 (Groundball, 6, EV 104.4 MPH)
|
Top of the 1st over - 0 runs, 1 hit, 0 errors, 1 left on base; Rome 0 - Brooklyn 0 |
BOTTOM OF THE 1ST |
Brooklyn Cyclones batting - Pitching for Rome Braves : LHP Jason Zaugg
|
Pitching: LHP Jason Zaugg
|
|
Batting: RHB Corban Stavrakis
|
0-0: Ball 1-0: Called Strike 1-1: SINGLE (Groundball, 56D, EV 81.3 MPH) (infield hit)
|
Batting: RHB Tony Oria
|
0-0: Foul Ball, location: 2F 0-1: Called Strike 0-2: SINGLE (Groundball, 6MD, EV 105.0 MPH) Corban Stavrakis to second
|
Batting: LHB Victor Ferrermena
|
0-0: Swinging Strike 0-1: Ball 1-1: Ball Passed Ball! Corban Stavrakis to third Tony Oria to second 2-1: Called Strike 2-2: Strikes out swinging
|
Batting: RHB Mario Trujillo
|
0-0: Ground out 6-3 (Groundball, 6, EV 97.5 MPH) Corban Stavrakis scores
|
Batting: LHB Adam Barry
|
0-0: Ball 1-0: Ball 2-0: Ball 3-0: Called Strike 3-1: Base on Balls
|
Batting: RHB Leo Roman
|
0-0: SINGLE (Line Drive, 8RS, EV 102.5 MPH) Tony Oria to third Adam Barry to second
|
Batting: RHB Allen Wozniak
|
0-0: Ball 1-0: Fielders Choice at 2nd, 6-4 (Groundball, 6, EV 90.6 MPH)
|
Bottom of the 1st over - 1 run, 3 hits, 0 errors, 3 left on base; Rome 0 - Brooklyn 1 |
TOP OF THE 2ND |
Rome Braves batting - Pitching for Brooklyn Cyclones : RHP Robbie Beerbower
|
Batting: LHB Mike Tenorio
|
0-0: Ball 1-0: Swinging Strike 1-1: Called Strike 1-2: Ball 2-2: Strikes out swinging
|
Batting: LHB Javier Rubio
|
0-0: Ball 1-0: DOUBLE (Line Drive, 89M, EV 89.4 MPH)
|
Batting: RHB Alex Velasquez
|
0-0: Ball 1-0: Ball Javier Rubio steals 3rd base 2-0: Called Strike 2-1: Foul Ball, location: 2F 2-2: Foul Ball, location: 2F 2-2: DOUBLE (Line Drive, 89XD, EV 107.5 MPH) Javier Rubio scores
|
Batting: RHB Peter Wheeler
|
0-0: Foul Ball, location: 2F 0-1: Called Strike 0-2: Strikes out looking
|
Batting: LHB Malik Boulay
|
0-0: Ball 1-0: Called Strike 1-1: Called Strike 1-2: Ball 2-2: Strikes out swinging
|
Top of the 2nd over - 1 run, 2 hits, 0 errors, 1 left on base; Rome 1 - Brooklyn 1 |
BOTTOM OF THE 2ND |
Brooklyn Cyclones batting - Pitching for Rome Braves : LHP Jason Zaugg
|
Batting: RHB Oscar Chairez
|
0-0: Called Strike 0-1: Called Strike 0-2: Ball 1-2: Foul Ball, location: 2F 1-2: SINGLE (Groundball, 56D, EV 103.1 MPH)
|
Batting: RHB Hyeok Kim
|
0-0: Foul Ball, location: 2F 0-1: Ball 1-1: SINGLE (Groundball, 4MD, EV 95.6 MPH) Oscar Chairez to second
|
Batting: RHB Corban Stavrakis
|
0-0: Ball Balk! Oscar Chairez to third Hyeok Kim to second 1-0: Ball 2-0: Called Strike 2-1: Foul Ball, location: 2F 2-2: Foul Ball, location: 2F 2-2: Strikes out swinging
|
Batting: RHB Tony Oria
|
0-0: Ball 1-0: SINGLE (Groundball, 56S, EV 63.8 MPH) (infield hit) Oscar Chairez scores Hyeok Kim to third
|
Batting: LHB Victor Ferrermena
|
0-0: Ball Tony Oria steals 2nd base 1-0: Foul Ball, location: 2F 1-1: Ball 2-1: Called Strike 2-2: Ball Wild Pitch! Hyeok Kim scores Tony Oria to third 3-2: Foul Ball, location: 2F 3-2: Foul Ball, location: 2F 3-2: Foul Ball, location: 2F 3-2: Fly out, F8 (Flyball, 8RM, EV 75.6 MPH) Runner from 3rd tags up, SCORES, throw by CF
|
Batting: RHB Mario Trujillo
|
0-0: Called Strike 0-1: Swinging Strike 0-2: Foul Ball, location: 2F 0-2: Foul Ball, location: 2F 0-2: Foul Ball, location: 2F 0-2: Strikes out looking
|
Bottom of the 2nd over - 3 runs, 3 hits, 0 errors, 0 left on base; Rome 1 - Brooklyn 4 |
TOP OF THE 3RD |
Rome Braves batting - Pitching for Brooklyn Cyclones : RHP Robbie Beerbower
|
Batting: LHB Tsutomu Miyahara
|
0-0: Ball 1-0: Called Strike 1-1: SINGLE (Groundball, 56D, EV 100.6 MPH)
|
Batting: RHB Brandon Burrell
|
0-0: Ball Tsutomu Miyahara is caught stealing 2nd base 2-4 1-0: Called Strike 1-1: Foul Ball, location: 2F 1-2: Ball 2-2: Ground out 5-3 (Groundball, 56, EV 85.0 MPH)
|
Batting: RHB Ike Trout
|
0-0: Called Strike 0-1: Hit by Pitch
|
Batting: RHB Jose Ramos
|
0-0: Ball 1-0: Ball Ike Trout steals 2nd base 2-0: SINGLE (Line Drive, 7S, EV 93.8 MPH) Ike Trout to third Runner from 3rd tries for Home, SAFE, throw by LF to home
|
Batting: LHB Mike Tenorio
|
0-0: Ball 1-0: Ball 2-0: Ball 3-0: Base on Balls Jose Ramos to second
|
Batting: LHB Javier Rubio
|
0-0: Ball 1-0: Ground out 4-3 (Groundball, 34, EV 83.8 MPH)
|
Top of the 3rd over - 1 run, 2 hits, 0 errors, 2 left on base; Rome 2 - Brooklyn 4 |
BOTTOM OF THE 3RD |
Brooklyn Cyclones batting - Pitching for Rome Braves : LHP Jason Zaugg
|
Batting: LHB Adam Barry
|
0-0: Called Strike 0-1: SINGLE (Line Drive, 9S, EV 109.4 MPH)
|
Batting: RHB Leo Roman
|
0-0: Fly out, F7 (Flyball, 78M, EV 88.8 MPH)
|
Batting: RHB Allen Wozniak
|
0-0: Ball 1-0: Grounds into double play, 6-4-3 (Groundball, 56, EV 90.6 MPH)
|
Bottom of the 3rd over - 0 runs, 1 hit, 0 errors, 0 left on base; Rome 2 - Brooklyn 4 |
TOP OF THE 4TH |
Rome Braves batting - Pitching for Brooklyn Cyclones : RHP Robbie Beerbower
|
Batting: RHB Alex Velasquez
|
0-0: Ball 1-0: Foul Ball, location: 2F 1-1: Ground out 4-3 (Groundball, 4, EV 83.1 MPH)
|
Batting: RHB Peter Wheeler
|
0-0: Called Strike 0-1: Ground out 4-3 (Groundball, 6M, EV 103.8 MPH)
|
Batting: LHB Malik Boulay
|
0-0: Foul Ball, location: 2F 0-1: Ground out U3 (Groundball, 34, EV 97.5 MPH)
|
Top of the 4th over - 0 runs, 0 hits, 0 errors, 0 left on base; Rome 2 - Brooklyn 4 |
BOTTOM OF THE 4TH |
Brooklyn Cyclones batting - Pitching for Rome Braves : LHP Jason Zaugg
|
Batting: RHB Oscar Chairez
|
0-0: Foul Ball, location: 2F 0-1: Called Strike 0-2: Ground out U3 (Groundball, 34S, EV 91.9 MPH)
|
Batting: RHB Hyeok Kim
|
0-0: Ground out 5-3 (Groundball, 56, EV 104.4 MPH)
|
Batting: RHB Corban Stavrakis
|
0-0: Ball 1-0: Swinging Strike 1-1: Ball 2-1: Foul Ball, location: 2F 2-2: Foul Ball, location: 2F 2-2: Foul Ball, location: 2F 2-2: Ground out 5-3 (Groundball, 56, EV 106.3 MPH)
|
Bottom of the 4th over - 0 runs, 0 hits, 0 errors, 0 left on base; Rome 2 - Brooklyn 4 |
TOP OF THE 5TH |
Rome Braves batting - Pitching for Brooklyn Cyclones : RHP Robbie Beerbower
|
Batting: LHB Tsutomu Miyahara
|
0-0: Ball 1-0: Ball 2-0: Ball 3-0: Called Strike 3-1: Base on Balls
|
Batting: RHB Brandon Burrell
|
0-0: Ball 1-0: Ball Tsutomu Miyahara steals 2nd base 2-0: SINGLE (Line Drive, 89S, EV 100.6 MPH) Tsutomu Miyahara to third
|
Batting: RHB Ike Trout
|
0-0: Ball Wild Pitch! Tsutomu Miyahara scores Brandon Burrell to second 1-0: Swinging Strike 1-1: Ground out 5-3 (Groundball, 56, EV 89.4 MPH)
|
Batting: RHB Jose Ramos
|
0-0: Called Strike 0-1: Ball 1-1: Ball 2-1: Swinging Strike 2-2: Ball 3-2: Foul Ball, location: 2F 3-2: Base on Balls
|
Batting: LHB Mike Tenorio
|
0-0: Ball 1-0: Ball 2-0: Ball 3-0: Base on Balls Brandon Burrell to third Jose Ramos to second
|
Batting: LHB Javier Rubio
|
0-0: Called Strike 0-1: Ball 1-1: Ball Wild Pitch! Brandon Burrell scores Jose Ramos to third Mike Tenorio to second 2-1: Foul Ball, location: 2F 2-2: Foul Ball, location: 2F 2-2: Foul Ball, location: 2F 2-2: Ball 3-2: Ground out 4-3 (Groundball, 4, EV 106.9 MPH) Jose Ramos scores Mike Tenorio to third
|
Batting: RHB Alex Velasquez
|
0-0: Ball 1-0: Ground out 6-3 (Groundball, 56, EV 90.6 MPH)
|
Top of the 5th over - 3 runs, 1 hit, 0 errors, 1 left on base; Rome 5 - Brooklyn 4 |
BOTTOM OF THE 5TH |
Brooklyn Cyclones batting - Pitching for Rome Braves : LHP Jason Zaugg
|
Batting: RHB Tony Oria
|
0-0: Ball 1-0: Called Strike 1-1: SINGLE (Groundball, 5, EV 98.1 MPH)
|
Batting: LHB Victor Ferrermena
|
0-0: Called Strike Tony Oria steals 2nd base 0-1: Called Strike 0-2: Ball 1-2: Ground out U3 (Groundball, 34, EV 102.5 MPH) Tony Oria to third
|
Batting: RHB Mario Trujillo
|
0-0: Ball 1-0: Ball 2-0: Foul Ball, location: 2F 2-1: Ball 3-1: Ground out 4-3 (Groundball, 4, EV 79.4 MPH) Tony Oria scores
|
Batting: LHB Adam Barry
|
0-0: Hit by Pitch
|
Batting: RHB Leo Roman
|
0-0: Called Strike 0-1: Fielders Choice at 2nd, 6-4 (Groundball, 6MD, EV 88.8 MPH)
|
Bottom of the 5th over - 1 run, 1 hit, 0 errors, 1 left on base; Rome 5 - Brooklyn 5 |
TOP OF THE 6TH |
Rome Braves batting - Pitching for Brooklyn Cyclones : RHP Robbie Beerbower
|
Pitching: RHP Stan Pitcher
|
|
Batting: RHB Peter Wheeler
|
0-0: Foul Ball, location: 2F 0-1: Foul Ball, location: 2F 0-2: Strikes out looking
|
Batting: LHB Malik Boulay
|
0-0: Ball 1-0: Called Strike 1-1: Ground out 6-3 (Groundball, 6, EV 96.3 MPH)
|
Batting: LHB Tsutomu Miyahara
|
0-0: Ball 1-0: Called Strike 1-1: Called Strike 1-2: Foul Ball, location: 2F 1-2: Ball 2-2: Ball 3-2: Strikes out swinging
|
Top of the 6th over - 0 runs, 0 hits, 0 errors, 0 left on base; Rome 5 - Brooklyn 5 |
BOTTOM OF THE 6TH |
Brooklyn Cyclones batting - Pitching for Rome Braves : LHP Jason Zaugg
|
Pitching: RHP Dan Spahn
|
|
Batting: RHB Allen Wozniak
|
0-0: Ball 1-0: Ball 2-0: Called Strike 2-1: Ball 3-1: Called Strike 3-2: Base on Balls
|
Batting: RHB Oscar Chairez
|
0-0: Fielders Choice at 2nd, 6-4 (Groundball, 6M, EV 90.0 MPH)
|
Pinch Hitting: SHB Julio Ramos
|
0-0: Ball Oscar Chairez steals 2nd base 1-0: Ball 2-0: Ball 3-0: Base on Balls
|
Batting: RHB Corban Stavrakis
|
0-0: Called Strike 0-1: Called Strike 0-2: Foul Ball, location: 2F 0-2: Ball 1-2: Ball 2-2: Ball 3-2: Strikes out looking
|
Pinch Hitting: LHB Bill Fortin
|
0-0: Ball 1-0: Foul Ball, location: 2F 1-1: Ball 2-1: Ball 3-1: Ground out 6-3 (Groundball, 6S, EV 86.3 MPH)
|
Bottom of the 6th over - 0 runs, 0 hits, 0 errors, 2 left on base; Rome 5 - Brooklyn 5 |
TOP OF THE 7TH |
Rome Braves batting - Pitching for Brooklyn Cyclones : RHP Stan Pitcher
|
Pitching: LHP Mike Capers
|
|
Now at 3B: Louwe Starmans
|
|
Now at SS: Oscar Chairez
|
|
Now in LF: Julio Ramos
|
|
Now in CF: Mario Trujillo
|
|
Batting: RHB Brandon Burrell
|
0-0: Ball 1-0: Swinging Strike 1-1: Fly out, F8 (Flyball, 8LXD, EV 102.5 MPH)
|
Batting: RHB Ike Trout
|
0-0: Called Strike 0-1: Foul Ball, location: 2F 0-2: Strikes out swinging
|
Batting: RHB Jose Ramos
|
0-0: TRIPLE (Flyball, 78XD, EV 103.1 MPH)
|
Batting: LHB Mike Tenorio
|
0-0: Foul Ball, location: 2F 0-1: Called Strike 0-2: Ball 1-2: Strikes out swinging
|
Top of the 7th over - 0 runs, 1 hit, 0 errors, 1 left on base; Rome 5 - Brooklyn 5 |
BOTTOM OF THE 7TH |
Brooklyn Cyclones batting - Pitching for Rome Braves : RHP Dan Spahn
|
Pitching: RHP Jeremy Hurley
|
|
Batting: LHB Victor Ferrermena
|
0-0: Called Strike 0-1: Foul Ball, location: 2F 0-2: Strikes out swinging
|
Batting: RHB Mario Trujillo
|
0-0: Called Strike 0-1: Ball 1-1: Ball 2-1: Foul Ball, location: 2F 2-2: Foul Ball, location: 2F 2-2: Foul Ball, location: 2F 2-2: Foul Ball, location: 2F 2-2: Ball 3-2: Foul Ball, location: 2F 3-2: Ground out U3 (Groundball, 3, EV 85.6 MPH)
|
Batting: LHB Adam Barry
|
0-0: Ball 1-0: Ball 2-0: Ground out 6-3 (Groundball, 6, EV 81.9 MPH)
|
Bottom of the 7th over - 0 runs, 0 hits, 0 errors, 0 left on base; Rome 5 - Brooklyn 5 |
TOP OF THE 8TH |
Rome Braves batting - Pitching for Brooklyn Cyclones : LHP Mike Capers
|
Pitching: RHP Jason Vulich
|
|
Batting: LHB Javier Rubio
|
0-0: Ball 1-0: Ball 2-0: Ball 3-0: Foul Ball, location: 2F 3-1: Base on Balls
|
Batting: RHB Alex Velasquez
|
0-0: Called Strike 0-1: Called Strike 0-2: Strikes out swinging Javier Rubio steals 2nd base (no throw) Batter strikes out.
|
Batting: RHB Peter Wheeler
|
0-0: Ball 1-0: SINGLE (Groundball, 56D, EV 109.4 MPH) Javier Rubio to third
|
Batting: LHB Malik Boulay
|
0-0: Foul Ball, location: 2F 0-1: Foul Ball, location: 2F 0-2: Ball 1-2: Ball 2-2: Ball 3-2: Strikes out swinging
|
Batting: LHB Tsutomu Miyahara
|
0-0: Ball 1-0: Called Strike 1-1: Foul Ball, location: 2F 1-2: Ball 2-2: Ball 3-2: Fly out, F9 (Flyball, 9, EV 97.5 MPH)
|
Top of the 8th over - 0 runs, 1 hit, 0 errors, 2 left on base; Rome 5 - Brooklyn 5 |
BOTTOM OF THE 8TH |
Brooklyn Cyclones batting - Pitching for Rome Braves : RHP Jeremy Hurley
|
Batting: RHB Leo Roman
|
0-0: Ball 1-0: Ball 2-0: Called Strike 2-1: Ball 3-1: Base on Balls
|
Batting: RHB Allen Wozniak
|
0-0: Ball 1-0: Bunt missed! 1-1: Bunted foul 1-2: Ball 2-2: Ball 3-2: Strikes out looking
|
Batting: RHB Oscar Chairez
|
0-0: Called Strike 0-1: Foul Ball, location: 2F 0-2: Ball 1-2: Grounds into double play, 6-4-3 (Groundball, 6, EV 84.4 MPH)
|
Bottom of the 8th over - 0 runs, 0 hits, 0 errors, 0 left on base; Rome 5 - Brooklyn 5 |
TOP OF THE 9TH |
Rome Braves batting - Pitching for Brooklyn Cyclones : RHP Jason Vulich
|
Batting: RHB Brandon Burrell
|
0-0: Foul Ball, location: 2F 0-1: Ball 1-1: Ball 2-1: SINGLE (Groundball, 6M, EV 101.9 MPH) (infield hit)
|
Batting: RHB Ike Trout
|
0-0: Ball 1-0: Ball 2-0: Ball 3-0: Base on Balls Brandon Burrell to second
|
Batting: RHB Jose Ramos
|
0-0: Foul Ball, location: 2F 0-1: Foul Ball, location: 2F 0-2: Ball 1-2: Ball Wild Pitch! Brandon Burrell to third Ike Trout to second 2-2: Foul Ball, location: 2F 2-2: Strikes out looking
|
Batting: LHB Mike Tenorio
|
0-0: Called Strike 0-1: 3-RUN HOME RUN (Flyball, 9D, EV 99.4 MPH), Distance : 378 ft
|
Pitching: LHP Jose Diaz
|
|
Batting: LHB Javier Rubio
|
0-0: Ball 1-0: Called Strike 1-1: Ball 2-1: Ground out 4-3 (Groundball, 13, EV 91.9 MPH)
|
Batting: RHB Alex Velasquez
|
0-0: Ball 1-0: Ball 2-0: Ball 3-0: Called Strike 3-1: Base on Balls
|
Batting: RHB Peter Wheeler
|
0-0: Ball 1-0: Called Strike 1-1: Swinging Strike 1-2: Foul Ball, location: 2F 1-2: Foul Ball, location: 2F 1-2: Fly out, F8 (Line Drive, 8LD, EV 90.6 MPH)
|
Top of the 9th over - 3 runs, 2 hits, 0 errors, 1 left on base; Rome 8 - Brooklyn 5 |
BOTTOM OF THE 9TH |
Brooklyn Cyclones batting - Pitching for Rome Braves : RHP Jeremy Hurley
|
Pitching: RHP Omar Orosco
|
|
Now at 3B: Adrian Billups
|
|
Batting: SHB Julio Ramos
|
0-0: Ball 1-0: Called Strike 1-1: Called Strike 1-2: Strikes out swinging
|
Batting: RHB Corban Stavrakis
|
0-0: Called Strike 0-1: Foul Ball, location: 2F 0-2: Strikes out swinging
|
Pinch Hitting: LHB Kodai Furuki
|
0-0: Foul Ball, location: 2F 0-1: Ball 1-1: Swinging Strike 1-2: Ball 2-2: Ground out 6-3 (Groundball, 4M, EV 80.6 MPH)
|
Bottom of the 9th over - 0 runs, 0 hits, 0 errors, 0 left on base; Rome 8 - Brooklyn 5 |
|